 Dungeon Crawl Stone Soup version 0.27.1 (webtiles) character file.

Game seed: 3685804401848954205

12 Destapler the Skirmisher (level 2, 0/26 HPs)
             Began as a Hill Orc Wanderer on Aug 28, 2021.
             Slain by a hobgoblin (1 damage)
             ... on level 1 of the Dungeon.
             The game lasted 00:01:29 (234 turns).

Destapler the Skirmisher (Hill Orc Wanderer)         Turns: 234, Time: 00:01:29

Health: 0/26       AC:  2    Str: 13    XL:     2   Next: 33%
Magic:  2/2        EV: 11    Int: 13    God:
Gold:   6          SH:  0    Dex: 10    Spells: 1/1 levels left

rFire    . . .     SeeInvis .   a - +0 short sword
rCold    . . .     Faith    .   (no shield)
rNeg     . . .     Spirit   .   b - +0 robe
rPois    .         Reflect  .   (no helmet)
rElec    .         Harm     .   (no cloak)
rCorr    .         Rampage  .   (no gloves)
Will     .....                  (no boots)
Stlth    +.........             (no amulet)
HPRegen  0.08/turn              (no ring)
MPRegen  0.08/turn              (no ring)

@: no status effects
A: no striking features
a: no special abilities


You were on level 1 of the Dungeon.
You visited 1 branch of the dungeon, and saw 1 of its levels.

You collected 6 gold pieces.

Inventory:

Hand Weapons
 a - a +0 short sword (weapon)
Armour
 b - a +0 robe (worn)


   Skills:
 + Level 3.0 Fighting
 - Level 1.0 Staves
 - Level 1.5 Dodging
 + Level 1.9 Shields
 - Level 1.0 Necromancy
 - Level 2.0 Earth Magic
 - Level 1.0 Evocations


You had one spell level left.
You didn't know any spells.
Your spell library contained the following spells:

 Spells                   Type           Power      Damage    Failure   Level
 Sandblast                Erth           10%        2d5       14%         1
 Animate Skeleton         Necr           4%         N/A       21%         1
 Passwall                 Tmut/Erth      1%         N/A       30%         2
 Stone Arrow              Conj/Erth      4%         3d7       52%         3
 Vampiric Draining        Necr           1%         2d6       52%         3
 Gell's Gravitas          Tloc           0%         N/A       67%         3
 Teleport Other           Tloc           0%         N/A       67%         3
 Petrify                  Tmut/Erth      2%         N/A       90%         4
 Dispersal                Tloc           0%         N/A       100%        6


Dungeon Overview and Level Annotations

Branches:
Dungeon (1/15)

Altars:


Message History

You closely miss the jackal. The jackal closely misses you.
The jackal bites you.
You hit the jackal.
The jackal is moderately wounded.
The jackal closely misses you.
You barely miss the jackal.
The jackal is moderately wounded.
The jackal bites you. The jackal closely misses you.
You barely miss the jackal.
The jackal is moderately wounded.
The jackal bites you but does no damage.
You hit the jackal but do no damage.
The jackal is moderately wounded.
The jackal closely misses you. The jackal bites you.
You closely miss the jackal.
The jackal is moderately wounded.
The jackal barely misses you.
You barely miss the jackal.
The jackal is moderately wounded.
The jackal barely misses you. The jackal bites you.
* * * LOW HITPOINT WARNING * * *
You hit the jackal.
You kill the jackal!
The goblin hits you with a +0 dagger.
* * * LOW HITPOINT WARNING * * *
You aren't carrying any potions.
A ball python comes into view.
The ball python bites you.
* * * LOW HITPOINT WARNING * * *
The ball python grabs you. The ball python constricts you.
You escape the ball python's grasp.
A hobgoblin comes into view.
The hobgoblin shouts!
The hobgoblin closely misses you.
You hit the hobgoblin but do no damage. The hobgoblin hits you.
* * * LOW HITPOINT WARNING * * *
The goblin hits you with a +0 dagger.
* * * LOW HITPOINT WARNING * * *
The hobgoblin hits you.
You die...

.#.### #.#.# #..# ..
....# #.#.##...# ...
#...# #.#...... ..#
#...# #.#..... ..# #g#
#.#...# .. ..# #†#
#.#...# #.#
..#####.####.#.g.##..#
......!.†......g....#
......########.#@####
#.#######......#.#
#.........######.#
#.####### #.# #.# #.#
#.# #.# #.# #.# #.#
#.# #.#


You could see a hobgoblin and a goblin.

Vanquished Creatures
  A dart slug (D:1)
  A bat (D:1)
  An endoplasm (D:1)
  5 jackals (D:1)
8 creatures vanquished.

Notes
Turn   | Place    | Note
-------+----------+-------------------------------------------
     0 | D:1      | Destapler the Hill Orc Wanderer began the quest for the
                  | Orb.
     0 | D:1      | Destapler set off with the following items: a +0 short
                  | sword, a +0 robe; and the following spells available to
                  | memorise: Sandblast, Animate Skeleton, Passwall, Stone
                  | Arrow, Vampiric Draining, Petrify
     0 | D:1      | Reached XP level 1. HP: 18/18 MP: 1/1
   197 | D:1      | Reached XP level 2. HP: 25/25 MP: 2/2
   208 | D:1      | Reached skill level 3 in Fighting
   232 | D:1      | HP: 1/26 [goblin (1)]
   234 | D:1      | Slain by a hobgoblin

Illustrated notes

Levels and vault maps discovered:
D:1:      wheals_arrival_linesprint, layout_loops_ring

Skill      XL: |  1  2 |
---------------+-------+-----
Fighting       | 3 |  3.0
Staves         | |  1.0
Dodging        | |  1.5
Shields        | |  1.9
Necromancy     | |  1.0
Earth Magic    | |  2.0
Evocations     | |  1.0

Action                   || total
-------------------------++-------
Melee: Short sword       ||    39
Armor: Robe              ||    14
Dodge: Dodged            ||    36
